 Dungeon Crawl Stone Soup version 0.20-a0-556-g892c87b (console) character file.

10453 Goblin1989 the Grappler (level 11, -2/96 HPs)
             Began as a Troll Warper on Feb 4, 2017.
             Was a Believer of Hepliaklqana.
             Slain by a gnoll
             ... wielding a +0 spear
              (9 damage)
             ... on level 10 of the Dungeon.
             The game lasted 00:34:24 (9227 turns).

Goblin1989 the Grappler (Troll Warper)              Turns: 9227, Time: 00:34:25

Health: -2/96      AC:  6    Str: 23    XL:     11   Next: 36%
Magic:  11/11      EV: 10    Int:  9    God:    Hepliaklqana [**....]
Gold:   448        SH:  9    Dex: 10    Spells: 12/12 levels left

rFire    . . .     SeeInvis .     - Unarmed
rCold    . . .     Gourm    +   a - +0 robe
rNeg     . . .     Faith    .   N - +0 shield
rPois    +         Spirit   .   (helmet restricted)
rElec    .         Reflect  .   D - +0 cloak
rCorr    .         Harm     +   (gloves unavailable)
MR       +....                  (boots unavailable)
Stlth    +.........             y - amulet of harm
Regen    0.7/turn               m - ring of protection from magic
                                o - ring of poison resistance

@: marked, very slightly contaminated
A: unfitting armour, reduced essence, claws 3, fast metabolism 3, gourmand,
regeneration 1, shaggy fur 1, tough skin 2
a: Recall Ancestor, Ancestor Identity, Renounce Religion


You were on level 10 of the Dungeon.
You worshipped Hepliaklqana.
Hepliaklqana was pleased with you.
You were completely stuffed.

You visited 2 branches of the dungeon, and saw 11 of its levels.

You collected 648 gold pieces.
You spent 200 gold pieces at shops.

Inventory:

Missiles
 d - 5 tomahawks of dispersal (quivered)
 w - 7 tomahawks
 Z - 4 throwing nets {!d, =f}
Armour
 a - a +0 robe (worn)
 D - a +0 cloak (worn)
 N - a +0 shield (worn)
Jewellery
 g - an uncursed ring of resist corrosion
 j - a +2 amulet of reflection {unknown}
 m - a ring of protection from magic (right claw)
 o - a ring of poison resistance (left claw)
 y - an amulet of harm (around neck)
 K - an uncursed ring of ice
 L - an uncursed amulet of guardian spirit {unknown}
 S - an uncursed amulet of guardian spirit {unknown}
 U - a +5 ring of dexterity {unknown}
Wands
 c - a wand of clouds (0/9)
 z - a wand of random effects (4/48)
 C - a wand of confusion (18/48)
 I - a wand of polymorph (17/24)
 P - a wand of paralysis (10/24)
Scrolls
 f - 7 scrolls of remove curse {unknown}
 i - 2 scrolls of fog {unknown}
 l - 2 scrolls of random uselessness
 r - 3 scrolls of immolation
 t - 3 scrolls of teleportation {unknown}
 x - 3 scrolls of fear {unknown}
 B - a scroll of blinking
 E - 2 scrolls of amnesia
 F - 2 scrolls of enchant weapon
 J - a scroll of torment {unknown}
 M - 4 scrolls of magic mapping
 O - a scroll of noise {unknown}
 Q - a scroll of enchant armour {unknown}
 R - 5 scrolls of identify {@r1}
Potions
 k - 2 potions of beneficial mutation
 n - a potion of berserk rage
 p - 7 potions of curing {@q1}
 s - a potion of might
 A - 3 potions of haste {@q3, !q}
 G - 3 potions of flight
 T - a potion of cancellation {unknown}
Books
 b - a book of Spatial Translocations

   Spells                             Type                      Level
   a - Blink                          Translocation                2
   b - Shroud of Golubria             Charms/Translocation         2
   c - Lesser Beckoning               Translocation                3
   d - Portal Projectile              Translocation                3
   e - Teleport Other                 Translocation                3
   f - Passage of Golubria            Translocation                4
 h - a book of Misfortune

   Spells                             Type                      Level
   a - Confusing Touch                Hexes                        1
   b - Confuse                        Hexes                        3
   c - Gell's Gravitas                Hexes/Translocation          3
   d - Petrify                        Transmutation/Earth          4
   e - Metabolic Englaciation         Hexes/Ice                    5
   f - Yara's Violent Unravelling     Hexes/Transmutation          5
Comestibles
 e - 8 bread rations {@e1}
 q - 6 royal jellies
 u - 10 chunks of flesh
 H - 4 meat rations {@e2}


   Skills:
 + Level 6.9 Fighting
 - Level 0.8 Throwing
 + Level 6.8 Dodging
 + Level 3.8 Shields
 * Level 13.0 Unarmed Combat
 - Level 1.2 Spellcasting
   Level 2.1 Translocations


You had 12 spell levels left.
You didn't know any spells.

Dungeon Overview and Level Annotations

Branches:
Dungeon (10/15)            Temple (1/1) D:5
   Lair: D:8-11         Orc: D:9-12

Altars:
Ashenzari
Cheibriados
Dithmenos
Elyvilon
Fedhas
Gozag
Hepliaklqana
Kikubaaqudgha
Makhleb
Nemelex Xobeh
Qazlal
Ru
Sif Muna
Trog
Uskayaw
Vehumet
Xom
Yredelemnul
The Shining One
Beogh

Shops:
D:5 ?

Annotations:
D:5 1 runed door


Innate Abilities, Weirdness & Mutations

You are too large for most types of armour.
You have claws for hands.
Your metabolism is lightning-fast.
You like to eat raw meat.
Your natural rate of healing is unusually fast.
You are covered in fur. (AC +1)
You have very tough skin. (AC +2)
Your life essence is reduced. (-10% HP)


Message History

You take 13 damage, and have 45/96 hp.
The centaur zombie hits you.
Found an escape hatch in the floor.
A wraith comes into view.
You claw the centaur zombie!
The centaur zombie is moderately damaged.
The centaur zombie hits you.
You take 1 damage, and have 44/96 hp.
You claw the centaur zombie!
The centaur zombie is almost destroyed. Æthelred hits the centaur zombie with a quarterstaff.
The centaur zombie is destroyed!
You are too injured to fight recklessly!
You are too injured to fight recklessly!
You are too injured to fight recklessly!
You are too injured to fight recklessly!
You are too injured to fight recklessly!
You are too injured to fight recklessly!
You are too injured to fight recklessly!
You are too injured to fight recklessly!
You are too injured to fight recklessly!
You are too injured to fight recklessly!
You are too injured to fight recklessly!
You are too injured to fight recklessly!
You are too injured to fight recklessly!
You are too injured to fight recklessly!
You are too injured to fight recklessly!
Unknown command.
You block the wraith's attack.
You scratch the wraith.
The wraith is lightly damaged. Æthelred gestures at the wraith while chanting.
The stone arrow hits the wraith.
The wraith hits you but does no damage.
A kobold demonologist comes into view. It is wielding a dagger.
You barely miss the wraith.
The wraith is heavily damaged. Æthelred hits the wraith with a quarterstaff!
You scratch the wraith but do no damage.
The wraith is severely damaged.
The wraith hits you.
A kobold demonologist and an orc priest come into view.
You mangle the wraith!!
You destroy the wraith!
An orc comes into view.
The kobold demonologist casts a spell.
A kobold demonologist and an orc priest come into view.
You swap places.
A quokka and a yak come into view.
The kobold demonologist looks satisfied for a moment.
The hellwing hits you. x2
* * * LOW HITPOINT WARNING * * *
You take 7 damage, and have 42/96 hp.
A gnoll comes into view. It is wielding a flail.
You block the kobold demonologist's attack. Æthelred hits the hellwing with a quarterstaff!!
The kobold demonologist casts a spell.
The kobold demonologist miscasts a cantrip.
The hellwing swoops through the air toward you!
The hellwing hits you!
* * * LOW HITPOINT WARNING * * *
The hellwing hits you but does no damage.
You take 9 damage, and have 33/96 hp.
You mangle the hellwing!!
The hellwing is almost dead.
The kobold demonologist hits you but does no damage.
The kobold demonologist gestures wildly while chanting.
You completely miss the hellwing.
The hellwing is almost dead.
You block the hellwing's attack. The hellwing barely misses you.
The crimson imp blinks!
The orc priest miscasts a cantrip.
The kobold demonologist hits you with a dagger.
* * * LOW HITPOINT WARNING * * *
The iron imp barely misses Æthelred.
You take 2 damage, and have 32/96 hp.
A gnoll sergeant comes into view. It is wielding a trident.
The hellwing hits you!
* * * LOW HITPOINT WARNING * * *
The hellwing closely misses you. Æthelred hits the kobold demonologist with a quarterstaff!
An orc comes into view. It is wielding a hand axe.
You take 8 damage, and have 24/96 hp.
Blink to where?
Press: ? - help, Dir - move target cursor You are very lightly contaminated with residual magic.
As you read the scroll of blinking, it crumbles to dust. 2 gnolls and an ogre come into view.
You block the gnoll's attack.
The gnoll sergeant closely misses you. Æthelred hits the kobold demonologist with a quarterstaff!
The orc priest calls down the wrath of Beogh upon you.
Beogh smites you!
* * * LOW HITPOINT WARNING * * *
The kobold demonologist miscasts a cantrip.
A gnoll comes into view. It is wielding a spear.
You take 17 damage, and have 7/96 hp.
Unknown command.
You can't go up here!
Unknown command.
The gnoll hits you from afar with a spear!
You die...

...........█
...........████████████████
....o.......................
..?.>o...oR.................
.......o.K.K..>...........[..
.....5.5.3.Y.................
.............................
........§5K.r4...............
......)........g@g.).........
...?.............g..........
..................g.g......
................O.<.......
...██████████████████. ..


You could see the friendly Æthelred the battlemage, a hellwing, 3 kobold
demonologists, a yak, a ynoxinul, an ogre, a gnoll sergeant, an orc priest, 4
gnolls, a white imp and a quokka.

Vanquished Creatures
  A two-headed ogre (D:8)
  Nergalle (D:10)
  An ugly thing (D:9)
  2 trolls (D:9)
  The ghost of Goblin1989 the Chopper, an amateur BaFi of Gozag (D:4)
  Prince Ribbit (D:7)
  Grinder (D:4)
  A hippogriff (D:8)
  Eustachio (D:4)
  A wraith (D:10)
  2 wyverns
  10 yaks (D:9)
  4 orc warriors (D:8)
  3 ice beasts
  2 sky beasts
  A black bear (D:8)
  A centaur (D:8)
  8 ogres
  A bullfrog (D:9)
  A gnoll sergeant (D:7)
  2 wyvern skeletons
  13 killer bees
  3 scorpions
  3 howler monkeys
  8 crimson imps
  4 hounds
  3 orc priests (D:8)
  A bullfrog skeleton (D:4)
  Natasha (thrice) (D:4)
  2 iguanas
  7 orc wizards
  6 worker ants
  A killer bee zombie (D:8)
  2 hound skeletons
  7 gnolls
  9 adders
  2 shadow imps
  An ooze (D:4)
  An adder skeleton (D:6)
  A worm (D:6)
  6 dart slugs
  5 leopard geckos
  46 orcs
  2 ball pythons
  5 giant cockroaches
  6 goblins
  9 hobgoblins
  A quokka (D:8)
  5 bats
  4 frilled lizards
  A jackal zombie (D:7)
  7 kobolds
  A leopard gecko zombie (D:7)
  9 rats
230 creatures vanquished.

Vanquished Creatures (collateral kills)
  The ghost of Shenda the Destroyer, a novice DECj of Vehumet (D:8)
  An unseen horror (D:10)
  A yak (D:9)
  2 ogres
  A crocodile (D:9)
  A bullfrog (D:9)
  2 killer bees
  2 centaur zombies
  4 orcs (D:8)
15 creatures vanquished.

Vanquished Creatures (others)
  5 ancestors
5 creatures vanquished.

Grand Total: 250 creatures vanquished

Notes
Turn   | Place    | Note
-------+----------+-------------------------------------------
     0 | D:1      | Goblin1989 the Troll Warper began the quest for the Orb.
     0 | D:1      | Reached XP level 1. HP: 19/19 MP: 1/1
   149 | D:1      | Reached XP level 2. HP: 27/27 MP: 2/2
   161 | D:1      | Reached skill level 3 in Unarmed Combat
   431 | D:1      | Reached XP level 3. HP: 25/33 MP: 3/3
   648 | D:2      | Found a sparkling altar of Nemelex Xobeh.
   674 | D:2      | Reached skill level 4 in Unarmed Combat
   908 | D:2      | Found a shattered altar of Ashenzari.
  1016 | D:2      | Found a burning altar of Makhleb.
  1023 | D:2      | Reached XP level 4. HP: 30/41 MP: 4/4
  1063 | D:2      | Found a white marble altar of Elyvilon.
  1210 | D:2      | Reached skill level 5 in Unarmed Combat
  1401 | D:3      | Reached XP level 5. HP: 33/48 MP: 5/5
  1516 | D:3      | Noticed an ogre
  1518 | D:3      | Found a shadowy altar of Dithmenos.
  1553 | D:3      | Killed an ogre
  1553 | D:3      | Reached skill level 6 in Unarmed Combat
  2097 | D:4      | Noticed an ogre
  2103 | D:4      | Killed an ogre
  2103 | D:4      | Reached XP level 6. HP: 29/55 MP: 6/6
  2234 | D:4      | Noticed Eustachio
  2257 | D:4      | HP: 1/55 [river rat[Eustachio] (5)]
  2259 | D:4      | Killed Eustachio
  2259 | D:4      | Reached skill level 7 in Unarmed Combat
  2289 | D:4      | Reached XP level 7. HP: 8/65 MP: 7/7
  2600 | D:4      | Noticed Grinder
  2609 | D:4      | Paralysed by Grinder for 4 turns
  2614 | D:4      | Killed Grinder
  2614 | D:4      | Reached skill level 8 in Unarmed Combat
  2716 | D:4      | Found a snail-covered altar of Cheibriados.
  2840 | D:4      | Noticed Natasha
  2848 | D:4      | Killed Natasha
  3008 | D:4      | Noticed Natasha
  3016 | D:4      | Killed Natasha
  3031 | D:5      | Entered Level 5 of the Dungeon
  3100 | D:5      | Reached XP level 8. HP: 72/75 MP: 8/8
  3206 | D:5      | Found Sicvaz's Magic Scroll Shoppe.
  3223 | D:5      | Bought a scroll of identify for 26 gold pieces
  3223 | D:5      | Bought a scroll of magic mapping for 45 gold pieces
  3223 | D:5      | Bought a scroll of random uselessness for 13 gold pieces
  3223 | D:5      | Bought a scroll of immolation for 45 gold pieces
  3223 | D:5      | Bought a scroll of amnesia for 45 gold pieces
  3223 | D:5      | Bought a scroll of identify for 26 gold pieces
  3245 | D:5      | Found a staircase to the Ecumenical Temple.
  3254 | Temple   | Entered the Ecumenical Temple
  3811 | D:5      | Found a runed door.
  3825 | D:5      | Found a hide-covered altar of Uskayaw.
  3906 | Temple   | Became a worshipper of Hepliaklqana the Forgotten
  3988 | D:6      | Reached skill level 9 in Unarmed Combat
  4580 | D:7      | Noticed Prince Ribbit
  4587 | D:7      | Killed Prince Ribbit
  4931 | D:7      | Reached XP level 9. HP: 75/75 MP: 9/9
  5087 | D:7      | Reached skill level 10 in Unarmed Combat
  5493 | D:7      | Reached * piety under Hepliaklqana
  5937 | D:8      | Noticed a two-headed ogre
  5973 | D:8      | Killed a two-headed ogre
  5973 | D:8      | Reached skill level 5 in Fighting
  5973 | D:8      | Reached skill level 5 in Dodging
  6162 | D:7      | Reached skill level 11 in Unarmed Combat
  6329 | D:4      | Noticed Natasha
  6330 | D:4      | Noticed Goblin1989's ghost (amateur BaFi)
  6346 | D:4      | Killed Natasha
  6350 | D:4      | Killed Goblin1989's ghost
  6835 | D:8      | Noticed Shenda's ghost (novice DECj)
  6844 | D:8      | Killed Shenda's ghost
  6844 | D:8      | Reached skill level 1 in Shields
  6844 | D:8      | Reached XP level 10. HP: 57/87 MP: 10/10
  6937 | D:8      | Found a blossoming altar of Fedhas.
  7414 | D:8      | Found a roughly hewn altar of Beogh.
  7818 | D:9      | Reached skill level 12 in Unarmed Combat
  7839 | D:9      | Noticed a green ugly thing
  7850 | D:9      | Killed a green ugly thing
  8052 | D:9      | Found an ancient bone altar of Kikubaaqudgha.
  8342 | D:9      | Found a radiant altar of Vehumet.
  8424 | D:9      | Reached XP level 11. HP: 44/96 MP: 11/11
  8614 | D:9      | HP: 3/96 [troll (7)]
  8877 | D:9      | Reached ** piety under Hepliaklqana
  8878 | D:9      | Remembered your ancestor Æthelred as a battlemage
  9180 | D:10     | Entered Level 10 of the Dungeon
  9180 | D:10     | Noticed Nergalle
  9194 | D:10     | Killed Nergalle
  9208 | D:10     | Killed an unseen horror
  9208 | D:10     | Reached skill level 13 in Unarmed Combat
  9227 | D:10     | Slain by a gnoll

Vault maps used:
D:1:      dpeg_arrival_rooms_b, minmay_splitting_lines, minmay_misc_feat_rows,
          moated_statue, minmay_tromino_v4_a
D:2:      old_standard_altar, ashenzari_conservatory_becter,
          makhleb_grotto_becter, old_standard_altar, first_bread
D:3:      old_standard_altar
D:4:      kennysheep_little_box, uniq_natasha, uniq_grinder, uniq_eustachio
D:5:      overflow_temple_1_default, temple_fountains, serial_shops,
          nicolae_shop_trees, lightli_church_of_beogh
D:7:      uniq_prince_ribbit1
D:8:      special_room, basic_altar, grunt_ogre_cave
D:9:      nicolae_overflow_hidden_temple, kennysheep_generic_room_5
D:10:     kennysheep_kobold_lugonu_temple, st_stairs_5, uniq_nergalle,
          uniq_gastronok
Temple:   chequers_temple_sunken

Skill      XL: |  1  2  3  4  5  6  7  8  9 10 11 |
---------------+----------------------------------+-----
Unarmed Combat | 3 4 5 6 7 8 9 11 12 13 | 13.0
Dodging        | 2 3 4 5 6 |  6.8
Fighting       | 2 3 4 5 6 |  6.9
Shields        | 1 3 |  3.8
Throwing       | |  0.8
Spellcasting   | |  1.2
Translocations | |  2.1

Action                   |  1- 3 |  4- 6 |  7- 9 | 10-12 || total
-------------------------+-------+-------+-------+-------++-------
Melee: Unarmed           |   121 |   104 |   263 |   239 ||   727
       Punch             |     1 |     5 |     6 |       ||    12
Invok: Ancestor Life: Ba |       |       |       |     1 ||     1
Evoke: Wand              |       |       |     2 |       ||     2
  Use: Potion            |       |       |     4 |     3 ||     7
       Scroll            |       |       |     9 |     1 ||    10
 Stab: Distracted        |       |       |       |     1 ||     1
  Eat: Chunk             |    14 |    12 |    38 |    26 ||    90
Armor: Robe              |    42 |    60 |    60 |    30 ||   192
       Skin              |       |       |    23 |     7 ||    30
Dodge: Dodged            |    64 |    60 |    88 |    72 ||   284
Block: Shield            |       |       |       |    81 ||    81

Vault maps used:
D:1:      dpeg_arrival_rooms_b, minmay_splitting_lines, minmay_misc_feat_rows,
          moated_statue, minmay_tromino_v4_a
D:2:      old_standard_altar, ashenzari_conservatory_becter,
          makhleb_grotto_becter, old_standard_altar, first_bread
D:3:      old_standard_altar
D:4:      kennysheep_little_box, uniq_natasha, uniq_grinder, uniq_eustachio
D:5:      overflow_temple_1_default, temple_fountains, serial_shops,
          nicolae_shop_trees, lightli_church_of_beogh
D:7:      uniq_prince_ribbit1
D:8:      special_room, basic_altar, grunt_ogre_cave
D:9:      nicolae_overflow_hidden_temple, kennysheep_generic_room_5
D:10:     kennysheep_kobold_lugonu_temple, st_stairs_5, uniq_nergalle,
          uniq_gastronok
Temple:   chequers_temple_sunken
